 Dungeon Crawl Stone Soup version 0.28.0 (webtiles) character file.

Game seed: 14929161736214828261

23 Hasart the Skirmisher (level 2, 0/25 HPs)
             Began as a Demigod Fighter on Feb 11, 2022.
             Succumbed to an adder's poison
             ... on level 2 of the Dungeon.
             The game lasted 00:01:17 (1173 turns).

Hasart the Skirmisher (Demigod Fighter)             Turns: 1173, Time: 00:01:18

Health: 0/25       AC:  6    Str: 17    XL:     2   Next: 54%
Magic:  4/4        EV:  9    Int: 10    God:
Gold:   19         SH:  4    Dex: 13    Spells: 1/1 levels left

rFire   . . .      SeeInvis .   a - +0 long sword
rCold   . . .      Faith    .   c - +0 buckler
rNeg    . . .      Spirit   .   b - +0 scale mail
rPois   .          Reflect  .   (no helmet)
rElec   .          Harm     .   (no cloak)
rCorr   .          Rampage  .   (no gloves)
Will    .....                   (no boots)
Stlth   ..........              (no amulet)
HPRegen 0.08/turn               (no ring)
MPRegen 0.09/turn               (no ring)

@: lethally poisoned (0 -> -10)
A: high MP 1, forlorn, divine attributes
a: no special abilities


You were on level 2 of the Dungeon.
You visited 1 branch of the dungeon, and saw 2 of its levels.

You collected 19 gold pieces.

Inventory:

Hand Weapons
 a - a +0 long sword (weapon)
Missiles
 l - 2 boomerangs (quivered)
Armour
 b - a +0 scale mail (worn)
 c - a +0 buckler (worn)
Scrolls
 h - 2 scrolls of identify {unknown}
 j - a scroll of enchant armour {unknown}
Potions
 d - 2 potions of might
 e - a potion of ambrosia {unknown}
 f - a potion of lignification {unknown}
 g - a potion of haste {unknown}
 i - a potion of degeneration {unknown}
 k - a potion of brilliance {unknown}


   Skills:
 + Level 2.8 Fighting
 * Level 2.2 Long Blades
 + Level 0.0 Throwing
 + Level 2.8 Armour
 + Level 0.8 Dodging
 + Level 2.8 Shields


You had one spell level left.
You didn't know any spells.
Your spell library was empty.

Dungeon Overview and Level Annotations

Branches:
Dungeon (2/15)


Innate Abilities, Weirdness & Mutations

You have an increased reservoir of magic. (+10% MP)
You shall have no god before yourself.
Your divine heritage dramatically boosts your attributes as you level up.


Message History

You hear a shout!
A kobold comes into view. It is wielding a +0 whip.
The worm bites you!
The kobold shouts!
You barely miss the worm.
The worm is severely wounded.
A rat comes into view.
You hit the worm.
The worm is severely wounded.
A goblin comes into view. It is wielding a +0 dagger.
The worm closely misses you.
You hit the worm but do no damage.
The worm is severely wounded.
The worm bites you but does no damage.
You hit the worm.
The worm is almost dead.
The endoplasm jiggles.
The worm bites you but does no damage.
You hit the worm.
You kill the worm!
The bat barely misses you.
A goblin comes into view. It is wielding a +0 dagger.
The adder barely misses you.
You barely miss the adder.
The goblin shouts!
The adder bites you but does no damage.
A kobold comes into view. It is wielding a +0 short sword.
You block the adder's attack.
You hit the adder.
The adder is moderately wounded.
The adder bites you.
* * * LOW HITPOINT WARNING * * *
You are poisoned.
The adder poisons you! The adder bites you.
* * * LOW HITPOINT WARNING * * *
You are more poisoned.
The adder poisons you!
You slash the adder!
You kill the adder!
You die...

###.#
########JKK...
#.....@?bhg...
#.######gr...=
#.# ...## #.#
.# ### #.##
#.# #..# #.#
########.###.#
..........##.#
########..##.#


You could see an endoplasm, a jackal, 2 goblins, a bat, 2 kobolds and a rat.

Vanquished Creatures
  An adder (D:2)
  A worm (D:2)
  A dart slug (D:1)
  An endoplasm (D:1)
  2 goblins
  2 hobgoblins (D:1)
  A jackal (D:1)
  3 ball pythons (D:1)
  A bat (D:1)
  A frilled lizard (D:1)
  3 kobolds (D:1)
  3 rats (D:1)
20 creatures vanquished.

Notes
Turn   | Place    | Note
-------+----------+-------------------------------------------
     0 | D:1      | Hasart the Demigod Fighter began the quest for the Orb.
     0 | D:1      | Reached XP level 1. HP: 18/18 MP: 3/3
   425 | D:1      | Reached XP level 2. HP: 25/25 MP: 4/4
  1173 | D:2      | Succumbed to an adder's poison

Illustrated notes

Levels and vault maps discovered:
D:1:      eino_arrival_druids_welcome, layout_basic, serial_park_tiny_1,
          grunt_decor_resistance, st_stairs_10, minivault_11
D:2:      minmay_recursive_quarters, layout_loops_ring, serial_shops,
          shop_statue

Skill      XL: |  1 |
---------------+----+-----
Long Blades    | 2 |  2.2
Fighting       | |  2.8
Armour         | |  2.8
Dodging        | |  0.8
Shields        | |  2.8

Action                   || total
-------------------------++-------
Melee: Long sword        ||    65
Armor: Scale mail        ||    42
Dodge: Dodged            ||    47
Block: Buckler           ||    19
